 Dungeon Crawl Stone Soup version 0.19.1 (webtiles) character file.

159 esteth the Chiller (level 5, -2/35 HPs)
             Began as a Vampire Ice Elementalist on Dec 13, 2016.
             Was an Initiate of Vehumet.
             Slain by Grinder (7 damage)
             ... while paralysed by Grinder
             ... on level 3 of the Dungeon.
             The game lasted 00:14:58 (3762 turns).

esteth the Chiller (Vampire Ice Elementalist)       Turns: 3762, Time: 00:14:59

Health: -2/35      AC:  3    Str:  7    XL:     5   Next: 17%
Magic:  11/11      EV:  2    Int: 19    God:    Vehumet [......]
Gold:   163        SH:  0    Dex: 14    Spells: 3 memorised, 4 levels left

rFire  . . .     SeeInvis +     j - +2 dagger (speed)
rCold  + + .     Gourm    .     a - +1 robe
rNeg   + + +     Faith    .     (no shield)
rPois  ∞         Spirit   .     (no helmet)
rElec  .         Reflect  .     (no cloak)
rCorr  .         Harm     .     (no gloves)
MR     .....                    (no boots)
Stlth  ++++......               (no amulet)
                                (no ring)
                                (no ring)

@: paralysed, bloodless, non-regenerating
A: fangs 3, see invisible, unbreathing
a: Bat Form, Renounce Religion


You were on level 3 of the Dungeon.
You worshipped Vehumet.
Vehumet was noncommittal.
You were bloodless.

You visited 1 branch of the dungeon, and saw 3 of its levels.

You collected 163 gold pieces.

Inventory:

Hand Weapons
 d - a +0 club
 j - a +2 dagger of speed (weapon)
Armour
 a - a +1 robe (worn)
Jewellery
 c - a +3 ring of protection {unknown}
 e - an uncursed ring of resist corrosion {unknown}
 n - an uncursed amulet of regeneration {unknown}
 p - a cursed amulet of inaccuracy {unknown}
Scrolls
 f - 2 scrolls of remove curse
 g - a scroll of enchant armour
 k - a scroll of random uselessness {unknown}
 l - a scroll of amnesia {unknown}
 m - a scroll of immolation {unknown}
 q - a scroll of identify {unknown}
Potions
 h - 2 potions of curing {unknown}
 r - a potion of agility {unknown}
 s - a potion of brilliance {unknown}
Books
 b - a book of Frost

   Spells                             Type                      Level
   a - Freeze                         Ice                          1
   b - Throw Frost                    Conjuration/Ice              2
   c - Ozocubu's Armour               Charms/Ice                   3
   d - Throw Icicle                   Conjuration/Ice              4
   e - Summon Ice Beast               Ice/Summoning                4
Comestibles
 i - a bread ration
 o - a beef jerky


   Skills:
 - Level 2.1 Dodging
 - Level 3.0 Stealth
 * Level 4.1 Spellcasting
 - Level 0.6 Conjurations
 + Level 4.3 Ice Magic


You had 4 spell levels left.
You knew the following spells:

 Your Spells              Type           Power        Failure   Level  Hunger
a - Freeze                Ice            ###.         2%          1    None
b - Throw Icicle          Conj/Ice       ##......     50%         4    ####...
c - Ozocubu's Armour      Chrm/Ice       ##......     17%         3    ###....


Dungeon Overview and Level Annotations

Branches:
Dungeon (3/15)

Altars:
Elyvilon
Hepliaklqana
Vehumet

Annotations:
D:3 Grinder


Innate Abilities, Weirdness & Mutations

You do not heal naturally.
You are immune to poison.
You have razor-sharp teeth.
You have supernaturally acute eyesight. (SInv)
You can survive without breathing.


Message History

Your icy armour evaporates.
You start resting.
Grinder shouts!
Grinder gestures at you. You resist with significant effort.
Grinder blinks!
Grinder gestures at you.
You are unaffected.
Grinder gestures at you. You resist with significant effort.
Grinder gestures at you. You resist with significant effort.
Grinder grins, showing sharp teeth.
Grinder blinks!
Grinder says, "At least Makhleb appreciates what I'm doing."
Grinder gestures at you.
You suddenly lose the ability to move!
Grinder says, "There's only one good use for a tongue: cutting it out."
Grinder hits you!
You die...

.# #.##...........#
.# #.##...........#
.#
#.##...........####
.#
##'##..............#
<#
#...#..%...#.......#
.#
#...#......#.......#
.#
#..........#.......#
.#
#...##'#####.......#
.# #...##.#
#@......#
.####...##.#
#5......#
......####.#
#.......#
...........#
#.......#
......######
#.......# #######
#.......# ..#
#.......# #.#
######### #.#


You could see Grinder.

Vanquished Creatures
  Ijyb (D:2)
  Terence (D:2)
  4 adders
  3 worms
  A dart slug (D:3)
  3 bats
  2 giant cockroaches
  13 goblins
  7 hobgoblins
  5 jackals
  A quokka (D:2)
  2 ball pythons
  4 frilled lizards
  9 kobolds
  4 rats
60 creatures vanquished.

Notes
Turn   | Place    | Note
-------+----------+-------------------------------------------
     0 | D:1      | esteth the Vampire Ice Elementalist began the quest for the Orb.
     0 | D:1      | Reached XP level 1. HP: 13/13 MP: 3/3
   400 | D:1      | Reached XP level 2. HP: 7/19 MP: 1/5
  1299 | D:2      | Reached XP level 3. HP: 24/24 MP: 7/7
  1308 | D:2      | Found a radiant altar of Vehumet.
  1320 | D:2      | Found a white marble altar of Elyvilon.
  1320 | D:2      | Found a hazy altar of Hepliaklqana.
  1320 | D:2      | Noticed Ijyb
  1324 | D:2      | Became a worshipper of Vehumet
  1347 | D:2      | Killed Ijyb
  1481 | D:2      | Reached XP level 4. HP: 28/30 MP: 5/8
  1589 | D:2      | Learned a level 4 spell: Throw Icicle
  2020 | D:2      | Noticed Terence
  2030 | D:2      | Killed Terence
  2218 | D:3      | Learned a level 3 spell: Ozocubu's Armour
  2425 | D:3      | Noticed Grinder
  2439 | D:3      | Paralysed by Grinder for 4 turns
  2830 | D:3      | Reached XP level 5. HP: 31/35 MP: 5/10
  3596 | D:3      | Paralysed by Grinder for 7 turns
  3629 | D:3      | Paralysed by Grinder for 7 turns
  3758 | D:3      | Paralysed by Grinder for 6 turns
  3762 | D:3      | Slain by Grinder

Skill      XL: |  1  2  3  4  5 |
---------------+----------------+-----
Spellcasting   | 3 4 |  4.1
Ice Magic      | 4 |  4.3
Dodging        | |  2.1
Stealth        | |  3.0
Conjurations   | |  0.6

Action                   |  1- 3 |  4- 6 || total
-------------------------+-------+-------++-------
Melee: Club              |    12 |       ||    12
       Unarmed           |     6 |       ||     6
       Bite              |     5 |     3 ||     8
       Dagger            |    27 |    20 ||    47
 Cast: Freeze            |    43 |    59 ||   102
       Ozocubu's Armour  |       |     3 ||     3
  Use: Potion            |     2 |     2 ||     4
       Scroll            |       |     4 ||     4
 Stab: Sleeping          |     1 |       ||     1
  Eat: Corpse            |     1 |       ||     1
Armor: Robe              |     8 |    13 ||    21
Dodge: Dodged            |    49 |    39 ||    88
